 Dungeon Crawl Stone Soup version 0.17.1-1-g73c8601 (webtiles) character file.

63 Runnr the Grave Robber (level 4, -2/33 HPs)
             Began as a Human Necromancer on Jan 1, 2016.
             Killed from afar by Sigmund (9 damage)
             ... with a puff of flame
             ... on level 2 of the Dungeon.
             The game lasted 00:07:35 (2186 turns).

Runnr the Grave Robber (Human Necromancer)          Turns: 2186, Time: 00:07:35

Health: -2/33      AC:  2    Str:  8    XL:     4   Next: 31%
Magic:  1/8        EV: 13    Int: 16    God:
Gold:   64         SH:  0    Dex: 14    Spells: 4 memorised, 0 levels left

rFire  . . .     SeeInvis .     h - +0 dagger (venom)
rCold  . . .     Clarity  .     a - +0 robe
rNeg   . . .     SustAt   .     (no shield)
rPois  +         Gourm    .     (no helmet)
rElec  .         Spirit   .     (no cloak)
rCorr  .         Warding  .     (no gloves)
rMut   .         Stasis   .     (no boots)
MR     .....                    (no amulet)
Stlth  ++........               (no ring)
                                m - ring of poison resistance

@: very slightly contaminated, not resistant to hostile enchantments, unstealthy
A: no striking features
a: no special abilities


You were on level 2 of the Dungeon.
You were not hungry.

You visited 1 branch of the dungeon, and saw 2 of its levels.

You collected 64 gold pieces.

Inventory:

Hand Weapons
 h - a +0 dagger of venom (weapon)
Missiles
 f - 5 needles of slowing
Armour
 a - a +0 robe (worn)
Jewellery
 m - a ring of poison resistance (left hand)
Scrolls
 d - a scroll of recharging {unknown}
 e - 3 scrolls of remove curse {unknown}
 g - a scroll of fog {unknown}
 i - 4 scrolls of teleportation {unknown}
 o - 2 scrolls of enchant weapon {unknown}
 p - 2 scrolls of identify {unknown}
Potions
 j - a potion of heal wounds
 k - a potion of curing {unknown}
 q - a potion of haste {unknown}
Books
 b - a book of Necromancy

   Spells                             Type                      Level
   a - Pain                           Necromancy                   1
   b - Animate Skeleton               Necromancy                   1
   c - Vampiric Draining              Necromancy                   3
   d - Regeneration                   Charms/Necromancy            3
   e - Animate Dead                   Necromancy                   4
   f - Control Undead                 Necromancy                   4
Comestibles
 c - a bread ration
 l - a royal jelly
 n - 5 chunks of flesh


   Skills:
 + Level 1.7 Fighting
 + Level 2.4 Dodging
 - Level 2.0 Stealth
 + Level 2.9 Spellcasting
 + Level 4.2 Necromancy


You couldn't memorise any spells.
You knew the following spells:

 Your Spells              Type           Power        Failure   Level  Hunger
a - Pain                  Necr           ###.         3%          1    #......
r - Regeneration          Chrm/Necr      #.........   28%         3    ###....
s - Animate Skeleton      Necr           N/A          3%          1    #......
v - Vampiric Draining     Necr           ###.......   12%         3    ###....


Dungeon Overview and Level Annotations

Branches:
Dungeon (2/15)

Altars:

Annotations:
D:2 Sigmund, Terence


Message History

A quokka comes into view.
Drink which item? (? for menu, Esc to quit)
Okay, then.
Drink which item? (? for menu, Esc to quit)
Okay, then.
Sigmund gestures at you while chanting. The puff of flame hits you!
* * * LOW HITPOINT WARNING * * *
Something closely misses Sigmund.
Something closely misses Sigmund.
Casting: Pain
Confirm with . or Enter, or press ? or * to list all spells.
Aiming: Pain
Press: ? - help, Shift-Dir - straight line, f/p - Sigmund
Aim: Sigmund, wielding a scythe and wearing a robe (severely wounded, chance to defeat MR: 81%) Sigmund convulses in agony!
Your jackal skeleton misses Sigmund.
Sigmund gestures at you while chanting. The puff of flame hits you!
You die...

#......... #.........
#### #...?......## ..#
#......... ...#.#
#!........ #.#.##
#......... #....#
#....#...## #..#######
#Z...######.###..@Z.Z..#
#@...#.......@..######.#
####<...#.###.######
#....# ........# #@####
...#....#.# #.#
#.........# #Z#
....###.### ##Z### #####
## #....# ........##.#
..#...#.##.#


You could see Sigmund and 2 friendly jackal skeletons.

Vanquished Creatures
  Robin (D:2)
  An ooze (D:2)
  2 worms (D:2)
  A giant gecko (D:2)
  11 goblins
  9 hobgoblins
  3 jackals
  9 bats
  A giant newt (D:1)
  3 rats
41 creatures vanquished.

Vanquished Creatures (collateral kills)
  A jackal (D:1)
1 creature vanquished.

Grand Total: 42 creatures vanquished

Notes
Turn   | Place    | Note
--------------------------------------------------------------
     0 | D:1      | Runnr the Human Necromancer began the quest for the Orb.
     0 | D:1      | Reached XP level 1. HP: 13/13 MP: 3/3
   105 | D:1      | Learned a level 1 spell: Animate Skeleton
   199 | D:1      | Reached XP level 2. HP: 17/20 MP: 3/5
   535 | D:1      | Reached skill level 1 in Fighting
   879 | D:2      | Reached XP level 3. HP: 24/26 MP: 3/6
   958 | D:2      | Learned a level 3 spell: Vampiric Draining
   963 | D:2      | Noticed Terence
  1135 | D:2      | Noticed Robin
  1537 | D:2      | Killed Robin
  1604 | D:1      | Reached XP level 4. HP: 14/32 MP: 0/8
  1805 | D:2      | Learned a level 3 spell: Regeneration
  2156 | D:2      | Noticed Sigmund
  2186 | D:2      | Killed from afar by Sigmund

Action                   |  1- 3 |  4- 6 || total
-------------------------+-------+-------++-------
Melee: Dagger            |    18 |       ||    18
 Cast: Pain              |    64 |    26 ||    90
       Animate Skeleton  |     6 |     2 ||     8
       Vampiric Draining |     1 |       ||     1
  Eat: Chunk             |     3 |     2 ||     5
